 Dungeon Crawl Stone Soup version 0.17-a0-2109-g117576f (webtiles) character file.

79 Kidiri the Shooter (level 4, -1/35 HPs)
             Began as a Centaur Arcane Marksman on Oct 19, 2015.
             Slain by a kobold
             ... wielding a +0 short sword
              (3 damage)
             ... on level 3 of the Dungeon.
             The game lasted 00:11:21 (2742 turns).

Kidiri the Shooter (Centaur Arcane Marksman)        Turns: 2742, Time: 00:11:22

Health: -1/35      AC:  4    Str: 14    XL:     4   Next: 16%
Magic:  6/6        EV: 10    Int: 12    God:
Gold:   74         SH:  0    Dex:  9    Spells: 3 memorised, 0 levels left

rFire  . . .     SeeInvis .     h - -3 dagger (curse)
rCold  . . .     Clarity  .     c - +0 robe
rNeg   . . .     SustAt   .     (no shield)
rPois  .         Gourm    .     (no helmet)
rElec  .         Spirit   .     (no cloak)
rCorr  .         Warding  .     (no gloves)
rMut   .         Stasis   .     (no barding)
MR     .....                    (no amulet)
Stlth  +.........               (no ring)
                                (no ring)

@: lethally poisoned (-1 -> -4), very quick, not resistant to hostile
enchantments, very unstealthy
A: hooves 3, deformed body, speed 2, tough skin 3
a: no special abilities


You were on level 3 of the Dungeon.
You were not hungry.

You visited 1 branch of the dungeon, and saw 3 of its levels.

You collected 74 gold pieces.

Inventory:

Hand Weapons
 a - a +0 shortbow
 h - a cursed -3 dagger (weapon)
 j - a +1 short sword of draining
Missiles
 f - 11 arrows
Armour
 c - a +0 robe (worn)
Wands
 l - a wand of fireball (8)
Scrolls
 g - a scroll of amnesia
Potions
 k - a potion of cancellation
Books
 d - a book of Debilitation

   Spells                             Type                      Level
   a - Corona                         Hexes                        1
   b - Slow                           Hexes                        2
   c - Gell's Gravitas                Hexes/Translocation          3
   d - Inner Flame                    Hexes/Fire                   3
   e - Cause Fear                     Hexes                        4
   f - Leda's Liquefaction            Hexes/Earth                  4
Comestibles
 b - 2 chunks of flesh
 e - a bread ration
 i - 2 beef jerkies


   Skills:
 + Level 1.3 Fighting
 + Level 0.1 Short Blades
 * Level 3.6 Bows
 + Level 0.7 Armour
 + Level 1.9 Dodging
 + Level 0.1 Stealth
 * Level 1.8 Spellcasting
 + Level 2.7 Hexes
 + Level 0.0 Translocations


You couldn't memorise any spells.
You knew the following spells:

 Your Spells              Type           Power        Failure   Level  Hunger
a - Corona                Hex            #......      12%         1    ##.....
b - Slow                  Hex            #.......     14%         2    ###....
c - Gell's Gravitas       Hex/Tloc       #.........   56%         3    ####...


Dungeon Overview and Level Annotations

Branches:
Dungeon (3/15)

Altars:


Innate Abilities, Weirdness & Mutations

You have hooves in place of feet.
Armour fits poorly on your strangely shaped body.
You cover ground very quickly.
You have extremely tough skin (AC +3).


Message History

* * * LOW HITPOINT WARNING * * *
You are poisoned.
The adder poisons you! The giant gecko barely misses you.
The kobold hits you with a short sword.
* * * LOW HITPOINT WARNING * * *
The hobgoblin closely misses you.
Drink which item? (? for menu, Esc to quit)
Okay, then.
Unknown command.
Read which item? (? for menu, Esc to quit)
Okay, then.
Unknown command.
Unknown command.
You barely miss the kobold.
The kobold is severely wounded.
* * * LOW HITPOINT WARNING * * *
You feel sick. The bat barely misses you. The adder bites you.
* * * LOW HITPOINT WARNING * * *
The giant gecko misses you. The kobold hits you with a short sword.
You die...

#.........
#.........
###.........
.#.........
.>........
.........
#gS......
#@l.....#
#K.b.....
##......#
......#
.......
#.....#
....#.
...#..
......


You could see an adder, a giant gecko, a hobgoblin, a bat and a kobold.

Vanquished Creatures
  3 adders (D:2)
  3 giant geckos
  2 bats
  3 giant cockroaches
  8 goblins
  5 hobgoblins
  3 jackals (D:1)
  4 giant newts
  9 kobolds
  10 rats
50 creatures vanquished.

Notes
Turn   | Place    | Note
--------------------------------------------------------------
     0 | D:1      | Kidiri the Centaur Arcane Marksman began the quest for the Orb.
     0 | D:1      | Reached XP level 1. HP: 16/16 MP: 2/2
    69 | D:1      | Reached skill level 3 in Bows
   428 | D:1      | Reached XP level 2. HP: 18/23 MP: 3/3
   432 | D:1      | Learned a level 2 spell: Slow
  1071 | D:1      | Reached XP level 3. HP: 25/28 MP: 5/5
  2023 | D:2      | Reached XP level 4. HP: 26/35 MP: 6/6
  2142 | D:2      | Learned a level 3 spell: Gell's Gravitas
  2742 | D:3      | Slain by a kobold

Vault maps used:
D:1:      minmay_arrival_hallway
D:2:      st_stairs_8
D:3:      minitemple, first_bread, serial_forest, infiniplex_forest_3_way,
          infiniplex_forest_straight_2, infiniplex_forest_lined_ring,
          infiniplex_forest_clump_curved, infiniplex_forest_zigzag_2,
          infiniplex_forest_clump_long, infiniplex_forest_3_way, uniq_terence,
          uniq_sigmund, uniq_grinder

Action                   |  1- 3 |  4- 6 || total
-------------------------+-------+-------++-------
Melee: Unarmed           |    12 |       ||    12
       Short sword       |     9 |       ||     9
       Dagger            |    91 |    51 ||   142
 Fire: Shortbow          |    86 |       ||    86
 Cast: Corona            |    15 |       ||    15
  Use: Scroll            |     4 |       ||     4
       Potion            |     2 |       ||     2
  Eat: Chunk             |     3 |     2 ||     5
